 Dungeon Crawl Stone Soup version 0.31-a0-1576-ga3383bade6 (webtiles) character file.

Game seed: 15473391196085406344

25 grandjackal the Chopper (level 2, -1/23 HPs)
             Began as a Demonspawn Gladiator on Jan 4, 2024.
             Slain by a ribbon worm (4 damage)
             ... on level 2 of the Dungeon.
             The game lasted 00:00:50 (922 turns).

grandjackal the Chopper (Demonspawn Gladiator)       Turns: 922, Time: 00:00:51

Health: -1/23      AC:  9    Str: 14    XL:     2   Next: 86%
Magic:  2/2        EV: 10    Int: 14    God:
Gold:   116        SH:  0    Dex: 14    Spells: 1/1 levels left

rFire   . . .        a - +0 war axe
rCold   . . .        (no shield)
rNeg    . . .        k - +1 scale mail "Rieleny" {Int+6}
rPois   .            c - +0 helmet
rElec   .            (no cloak)
rCorr   .            (no gloves)
SInv    .            (no boots)
Will    .....        (no amulet) Stlth
                     (no ring)
HPRegen 0.23/turn    (no ring)
MPRegen 0.08/turn

%: no passive effects
@: no status effects
A: rugged brown scales 1
a: no special abilities


You were on level 2 of the Dungeon.
You visited 1 branch of the dungeon, and saw 2 of its levels.

You collected 116 gold pieces.

Inventory:

Hand Weapons
 a - a +0 war axe (weapon)
Missiles
 d - 3 throwing nets (quivered)
 e - a javelin
Armour
 c - a +0 helmet (worn)
 k - the +1 scale mail "Rieleny" (worn) {Int+6}
   (You found it on level 2 of the Dungeon)

   Int+6:     It affects your intelligence (+6).
Jewellery
 h - a ring of wizardry
Scrolls
 f - 2 scrolls of immolation {unknown}
 g - a scroll of silence {unknown}
 j - a scroll of revelation {unknown}
Potions
 b - a potion of mutation {unknown}
 i - a potion of brilliance {unknown}


   Skills:
 + Level 2.5 Fighting
 + Level 3.0 Axes
 - Level 2.0 Throwing
 - Level 3.0 Dodging


You had one spell level left.
You didn't know any spells.
Your spell library was empty.

Dungeon Overview and Level Annotations

Branches:
Dungeon (2/15)

Altars:


Innate Abilities, Weirdness & Mutations

You are partially covered in rugged brown scales. (AC +1, +3% HP)


Message History

The adder bites you.
You are poisoned.
The adder poisons you! The adder bites you but does no damage.
You are caught in a web!
The web tears apart.
You feel sick. The adder barely misses you.
The ribbon worm expels a string of sticky webbing.
The stream of webbing misses you.
The stream of webbing hits the adder but does no damage.
The adder is caught in a web!
You barely miss the adder.
You hit the ribbon worm but do no damage.
You feel sick.
The adder tears the web.
The adder bites you.
The ribbon worm expels a string of sticky webbing.
The stream of webbing hits you but does no damage.
You are caught in a web!
The web tears apart.
You feel sick. The adder barely misses you. The ribbon worm bites you.
You hit the adder but do no damage. You barely miss the ribbon worm.
You feel sick. The adder barely misses you.
The adder bites you but does no damage.
The ribbon worm expels a string of sticky webbing.
The stream of webbing hits you but does no damage.
You are caught in a web!
The web tears apart.
You feel sick. The adder completely misses you. The ribbon worm bites you.
* * * LOW HITPOINT WARNING * * *
You are too injured to fight recklessly!
You hit the ribbon worm.
The ribbon worm is lightly wounded.
You slash the adder!
You feel sick.
You are no longer poisoned.
The adder bites you but does no damage. The adder closely misses you.
The ribbon worm bites you but does no damage.
You are too injured to fight recklessly!
You barely miss the ribbon worm.
The ribbon worm is lightly wounded.
You hit the adder. The adder bites you but does no damage. The adder bites you.
* * * LOW HITPOINT WARNING * * *
The ribbon worm bites you.
You die...

## ####.##....#
#.
.....##.#####.#
#. #.##.##.#
#.# #.##.##.#
#.# #.##<##.#
#.#...#.###
#.#.#.....##
#w.......(.#
#@###.###..#
#S# #.# #..#
..# #.# #..#
.#.# #.# #..#
#.#.# #[# #<.#
# #.# ... ....
#.# ..# #..#
#.# ..# #..#


You could see a ribbon worm and an adder.

Vanquished Creatures
  A gnoll (D:1)
  A bat (D:2)
  3 endoplasms (D:1)
  2 goblins
  A hobgoblin (D:1)
  A kobold (D:1)
  A quokka (D:1)
  2 frilled lizards (D:1)
  4 rats (D:1)
16 creatures vanquished.

Notes
Turn   | Place    | Note
-------+----------+-------------------------------------------
     0 | D:1      | grandjackal the Demonspawn Gladiator began the quest for
                  | the Orb.
     0 | D:1      | Reached XP level 1. HP: 16/16 MP: 1/1
   262 | D:1      | Gained mutation: You are partially covered in rugged brown
                  | scales. (AC +1, +3% HP) [demonic ancestry]
   262 | D:1      | Reached XP level 2. HP: 16/22 MP: 2/2
   808 | D:2      | Identified the +1 scale mail "Rieleny" {Int+6}
   922 | D:2      | Slain by a ribbon worm

Illustrated notes

Levels and vault maps discovered:
D:1:      dpeg_arrival_orchard, layout_loops_ring, chequers_garden,
          minmay_gold_behind_fungi
D:2:      layout_loops_ring, serial_shops, shop

Skill      XL: |  1  2 |
---------------+-------+-----
Throwing       | 2 |  2.0
Axes           | 3 |  3.0
Dodging        | 3 |  3.0
Fighting       | |  2.5

Action                     || total
---------------------------++-------
  Melee: War axe           ||    51
   Stab: Sleeping          ||     3
 Armour: Leather armour    ||    20
         Scale mail        ||    21
  Dodge: Dodged            ||    30

Table legend: (Time is in decaauts)
 A = Elapsed time spent in this place.
 B = Non-inter-level travel time spent in this place.
 C = Inter-level travel time spent in this place.
 D = Time resting spent in this place.
 E = Time spent auto-exploring this place.
 F = Levels seen in this place.
 G = Mean time per level.
                   A        B        C        D        E       F      G
               +--------+--------+--------+--------+--------+-----+--------+
         Total |    940 |    916 |     24 |      0 |    723 |   2 |  470.0 |
       Dungeon |    940 |    916 |     24 |      0 |    723 |   2 |  470.0 |
               +--------+--------+--------+--------+--------+-----+--------+

Top non-repeatable levels by time:
     D:1: 780 daAuts
     D:2: 159 daAuts
